[ AOE2 MATCH · #507081148 ]
UnrankedPortuguese vs Vikings
Player's team · LOSS
Rival team · WIN
[ REPLAY ANALYSIS · EXTRACTED FROM THE RECORDED GAME ]
Feudal
8:21
Castle
20:02
Imperial
—
| APM avg | 70.1 |
| APM peak | 138 |
| eAPM avg | 24.9 |
| Villagers / military | 122 / 47 |
Focus
⚔️ 26.4% · 🌾 73.6%
Archer ×39 · Mangonel ×5 · Scout Cavalry ×2 · Spearman ×1
Feudal
10:38
Castle
20:53
Imperial
34:05
| APM avg | 71.1 |
| APM peak | 100 |
| eAPM avg | 27.4 |
| Villagers / military | 108 / 74 |
Focus
⚔️ 41.0% · 🌾 59.0%
Archer ×60 · Militia ×6 · Mangonel ×4 · Monk ×2 · Spearman ×1 · Trebuchet (Packed) ×1
Match map
Initial resources + every placement click. Lines = walls · curves = elevation contours. ◆ gold · ⬟ stone · ● berries · ✦ relic · ◌ wall gap
Your base· Open — unwalled flank
Macluffy's base· ✓ Closed at 20:53 · 52t walls · 1 gate(s)
Smoothed initial terrain · ◌ = detected wall gap · hover for details
Inputs per minute
— _TieuQuy - - Macluffy
Build order — _TieuQuy
First 150 of 263 actions detected
| 0:00 | Queue | Villager (Male) |
| 0:01 | Queue | Villager (Male) |
| 0:02 | Build | House |
| 0:03 | Build | House |
| 0:15 | Queue | Villager (Male) |
| 0:15 | Queue | Villager (Male) |
| 0:15 | Queue | Villager (Male) |
| 1:28 | Queue | Villager (Male) |
| 1:28 | Queue | Villager (Male) |
| 1:50 | Build | Lumber Camp |
| 2:00 | Queue | Villager (Male) |
| 2:00 | Queue | Villager (Male) |
| 2:16 | Queue | Villager (Male) |
| 2:16 | Queue | Villager (Male) |
| 2:48 | Queue | Villager (Male) |
| 3:02 | Queue | Villager (Male) |
| 3:27 | Queue | Villager (Male) |
| 3:58 | Queue | Villager (Male) |
| 4:00 | Build | House |
| 4:20 | Queue | Villager (Male) |
| 4:50 | Queue | Villager (Male) |
| 5:07 | Queue | Villager (Male) |
| 5:09 | Build | Mill |
| 5:39 | Research | Loom |
| 6:10 | Research | Feudal Age |
| 6:10 | Research | Feudal Age |
| 6:43 | Build | House |
| 7:02 | Queue | Villager (Male) |
| 7:28 | Build | Barracks |
| 7:43 | Queue | Villager (Male) |
| 8:21 | Age | Feudal Age |
| 8:26 | Build | Stable |
| 8:35 | Queue | Villager (Male) |
| 8:39 | Research | Double-Bit Axe |
| 8:39 | Research | Double-Bit Axe |
| 9:07 | Queue | Villager (Male) |
| 9:14 | Queue | Scout Cavalry |
| 9:20 | Queue | Spearman |
| 9:23 | Queue | Villager (Male) |
| 9:31 | Build | House |
| 9:33 | Queue | Scout Cavalry |
| 9:45 | Build | Palisade Gate |
| 9:52 | Queue | Villager (Male) |
| 10:14 | Build | Farm |
| 10:37 | Queue | Villager (Male) |
| 10:38 | Build | Farm |
| 10:39 | Build | Farm |
| 10:40 | Build | Farm |
| 10:41 | Queue | Villager (Male) |
| 10:57 | Build | House |
| 11:07 | Queue | Villager (Male) |
| 11:08 | Build | Farm |
| 11:21 | Build | Palisade Wall |
| 11:29 | Queue | Villager (Male) |
| 11:32 | Build | House |
| 11:41 | Build | Palisade Wall |
| 11:53 | Build | House |
| 11:57 | Queue | Villager (Male) |
| 12:12 | Build | Palisade Wall |
| 12:21 | Build | Farm |
| 12:25 | Queue | Villager (Male) |
| 12:26 | Build | Farm |
| 12:30 | Build | Palisade Wall |
| 12:37 | Build | Farm |
| 12:48 | Build | Farm |
| 12:50 | Build | House |
| 12:55 | Queue | Villager (Male) |
| 13:11 | Build | Palisade Wall |
| 13:16 | Build | Mining Camp |
| 13:17 | Queue | Villager (Male) |
| 13:26 | Build | Farm |
| 13:42 | Build | Farm |
| 13:46 | Queue | Villager (Male) |
| 14:02 | Queue | Villager (Male) |
| 14:14 | Build | Archery Range |
| 14:35 | Queue | Villager (Male) |
| 14:44 | Queue | Archer |
| 15:05 | Build | Blacksmith |
| 15:10 | Queue | Villager (Male) |
| 15:13 | Queue | Archer |
| 15:24 | Queue | Archer |
| 15:29 | Build | House |
| 15:42 | Queue | Villager (Male) |
| 15:45 | Research | Fletching |
| 15:52 | Queue | Archer |
| 15:54 | Queue | Villager (Male) |
| 16:16 | Queue | Villager (Male) |
| 16:26 | Build | Archery Range |
| 16:32 | Queue | Archer |
| 17:04 | Build | House |
| 17:22 | Research | Castle Age |
| 17:22 | Research | Castle Age |
| 17:25 | Build | House |
| 17:27 | Build | House |
| 17:29 | Build | House |
| 17:30 | Build | House |
| 17:51 | Build | Palisade Wall |
| 17:53 | Build | House |
| 17:54 | Queue | Archer ×3 |
| 18:13 | Build | Farm |
| 18:21 | Queue | Archer |
| 18:26 | Queue | Villager (Male) |
| 18:36 | Build | Gate |
| 18:40 | Queue | Archer |
| 18:47 | Queue | Archer |
| 18:55 | Queue | Archer |
| 19:06 | Queue | Archer |
| 19:23 | Queue | Archer |
| 19:32 | Build | House |
| 19:36 | Queue | Archer |
| 19:47 | Build | Farm |
| 19:53 | Build | Farm |
| 20:02 | Age | Castle Age |
| 20:05 | Research | Crossbowman (upgrade) |
| 20:18 | Research | Bodkin Arrow |
| 20:19 | Research | Bodkin Arrow |
| 20:21 | Queue | Villager (Male) |
| 20:24 | Build | House |
| 20:36 | Build | House |
| 20:39 | Queue | Villager (Male) |
| 20:43 | Queue | Villager (Male) |
| 20:49 | Build | Town Center |
| 20:53 | Queue | Archer ×3 |
| 21:18 | Build | House |
| 21:20 | Queue | Villager (Male) |
| 21:31 | Build | Palisade Wall |
| 21:51 | Queue | Villager (Male) |
| 21:54 | Queue | Villager (Male) |
| 21:58 | Research | Bow Saw |
| 21:59 | Research | Bow Saw |
| 22:06 | Queue | Villager (Male) |
| 22:24 | Queue | Villager (Male) |
| 22:40 | Research | Horse Collar |
| 22:40 | Research | Horse Collar |
| 22:44 | Build | Farm |
| 22:44 | Build | Farm |
| 22:49 | Queue | Archer ×5 |
| 23:09 | Queue | Villager (Male) |
| 23:10 | Queue | Villager (Male) |
| 23:13 | Build | Siege Workshop |
| 23:25 | Queue | Villager (Male) |
| 23:25 | Queue | Villager (Male) |
| 23:48 | Queue | Villager (Male) |
| 24:22 | Queue | Archer ×5 |
| 24:38 | Queue | Archer |
| 24:57 | Queue | Archer ×5 |
| 25:02 | Queue | Villager (Male) ×4 |
| 25:07 | Queue | Mangonel |
| 25:09 | Queue | Villager (Male) |
| 25:27 | Queue | Villager (Male) |
Build order — Macluffy
First 150 of 347 actions detected
| 0:01 | Queue | Villager (Male) |
| 0:01 | Queue | Villager (Male) |
| 0:02 | Build | House |
| 0:04 | Build | House |
| 0:06 | Build | House |
| 0:09 | Queue | Villager (Male) |
| 0:11 | Queue | Villager (Male) |
| 1:26 | Queue | Villager (Male) |
| 2:00 | Build | Lumber Camp |
| 2:01 | Queue | Villager (Male) |
| 2:08 | Queue | Villager (Male) |
| 2:52 | Queue | Villager (Male) |
| 3:00 | Queue | Villager (Male) |
| 3:00 | Queue | Villager (Male) |
| 3:24 | Queue | Villager (Male) |
| 3:51 | Build | House |
| 3:56 | Queue | Villager (Male) |
| 4:02 | Queue | Villager (Male) |
| 4:37 | Build | Barracks |
| 4:43 | Queue | Villager (Male) |
| 5:03 | Queue | Villager (Male) |
| 5:03 | Queue | Villager (Male) |
| 5:13 | Build | House |
| 5:18 | Build | House |
| 5:32 | Queue | Militia |
| 5:56 | Queue | Militia |
| 6:00 | Build | Palisade Wall |
| 6:13 | Queue | Villager (Male) |
| 6:14 | Queue | Militia |
| 6:27 | Build | Mill |
| 6:38 | Build | House |
| 6:43 | Queue | Villager (Male) |
| 7:01 | Queue | Villager (Male) |
| 7:14 | Queue | Villager (Male) |
| 7:40 | Research | Loom |
| 8:06 | Build | House |
| 8:22 | Build | House |
| 8:28 | Research | Feudal Age |
| 8:32 | Build | Mining Camp |
| 8:41 | Build | House |
| 9:02 | Build | Palisade Wall |
| 9:03 | Build | Palisade Wall |
| 9:40 | Build | Palisade Wall |
| 9:44 | Build | Palisade Wall |
| 9:52 | Build | Palisade Wall |
| 9:58 | Build | Palisade Wall |
| 10:04 | Queue | Militia |
| 10:26 | Queue | Militia |
| 10:38 | Age | Feudal Age |
| 10:39 | Queue | Villager (Male) |
| 10:41 | Research | Man-at-Arms (upgrade) |
| 10:44 | Build | Archery Range |
| 10:59 | Queue | Villager (Male) |
| 11:07 | Build | Palisade Wall |
| 11:08 | Build | Palisade Wall |
| 11:09 | Build | Palisade Wall |
| 11:24 | Build | House |
| 11:26 | Build | House |
| 11:28 | Queue | Villager (Male) |
| 11:29 | Queue | Militia |
| 11:32 | Queue | Archer |
| 11:34 | Build | House |
| 11:37 | Build | Palisade Gate |
| 11:41 | Build | Palisade Wall |
| 11:43 | Research | Double-Bit Axe |
| 11:47 | Queue | Villager (Male) |
| 12:00 | Queue | Archer |
| 12:12 | Build | Palisade Wall |
| 12:16 | Build | Farm |
| 12:21 | Queue | Villager (Male) |
| 12:28 | Queue | Archer |
| 12:39 | Build | Farm |
| 12:49 | Build | Farm |
| 12:53 | Queue | Villager (Male) |
| 12:55 | Build | Farm |
| 13:17 | Build | Farm |
| 13:18 | Build | Farm |
| 13:20 | Queue | Villager (Male) |
| 13:25 | Queue | Archer |
| 13:32 | Build | Farm |
| 13:35 | Queue | Archer |
| 13:52 | Queue | Villager (Male) |
| 13:54 | Build | Farm |
| 14:01 | Build | Farm |
| 14:07 | Queue | Villager (Male) |
| 14:15 | Build | Farm |
| 14:21 | Queue | Villager (Male) |
| 14:30 | Queue | Villager (Male) |
| 14:55 | Build | Blacksmith |
| 14:57 | Queue | Archer |
| 14:57 | Queue | Villager (Male) |
| 15:04 | Queue | Spearman |
| 15:04 | Queue | Archer |
| 15:20 | Research | Arson |
| 15:20 | Queue | Villager (Male) |
| 15:34 | Queue | Villager (Male) |
| 15:45 | Research | Fletching |
| 15:46 | Queue | Villager (Male) |
| 16:00 | Queue | Archer |
| 16:01 | Queue | Villager (Male) |
| 16:05 | Build | Market |
| 16:17 | Build | Farm |
| 16:44 | Build | Farm |
| 17:05 | Queue | Villager (Male) |
| 17:32 | Build | House |
| 17:33 | Build | Farm |
| 17:44 | Queue | Archer |
| 17:49 | Queue | Villager (Male) |
| 17:56 | Build | Lumber Camp |
| 18:13 | Research | Castle Age |
| 18:14 | Queue | Archer |
| 18:27 | Queue | Archer |
| 18:37 | Queue | Archer |
| 18:42 | Queue | Villager (Male) |
| 19:04 | Queue | Archer |
| 19:07 | Queue | Archer |
| 19:11 | Build | Archery Range |
| 19:19 | Queue | Villager (Male) |
| 19:28 | Queue | Archer |
| 19:31 | Research | Horse Collar |
| 19:32 | Research | Horse Collar |
| 19:32 | Research | Gold Mining |
| 19:32 | Research | Gold Mining |
| 19:35 | Build | House |
| 19:41 | Research | Padded Archer Armor |
| 20:17 | Queue | Archer |
| 20:17 | Queue | Archer |
| 20:21 | Build | House |
| 20:30 | Queue | Archer |
| 20:52 | Queue | Archer |
| 20:53 | Age | Castle Age |
| 20:53 | Queue | Villager (Male) |
| 20:57 | Research | Crossbowman (upgrade) |
| 21:00 | Research | Bodkin Arrow |
| 21:06 | Queue | Villager (Male) |
| 21:09 | Build | University |
| 21:26 | Queue | Archer |
| 21:40 | Build | Town Center |
| 21:41 | Queue | Villager (Male) |
| 21:56 | Queue | Villager (Male) |
| 22:02 | Build | Farm |
| 22:02 | Build | Farm |
| 22:06 | Queue | Villager (Male) |
| 22:15 | Research | Ballistics |
| 22:15 | Research | Ballistics |
| 22:18 | Queue | Villager (Male) |
| 22:24 | Queue | Villager (Male) |
| 22:31 | Build | Farm |
| 22:32 | Build | Farm |
| 22:37 | Queue | Villager (Male) |
Match timeline
| 4:37 | Macluffy · first_building Barracks |
| 6:00 | Macluffy · wall_segment Palisade Wall x8 |
| 7:28 | _TieuQuy · first_building Barracks |
| 8:21 | _TieuQuy · age_up feudal |
| 8:26 | _TieuQuy · first_building Stable |
| 9:02 | Macluffy · wall_segment Palisade Wall x1 |
| 9:03 | Macluffy · wall_segment Palisade Wall x1 |
| 9:40 | Macluffy · wall_segment Palisade Wall x5 |
| 9:44 | Macluffy · wall_segment Palisade Wall x10 |
| 9:52 | Macluffy · wall_segment Palisade Wall x6 |
| 9:58 | Macluffy · wall_segment Palisade Wall x9 |
| 10:38 | Macluffy · age_up feudal |
| 10:44 | Macluffy · first_building Archery Range |
| 11:07 | Macluffy · wall_segment Palisade Wall x1 |
| 11:08 | Macluffy · wall_segment Palisade Wall x1 |
| 11:09 | Macluffy · wall_segment Palisade Wall x6 |
| 11:21 | _TieuQuy · wall_segment Palisade Wall x11 |
| 11:41 | _TieuQuy · wall_segment Palisade Wall x8 |
| 11:41 | Macluffy · wall_segment Palisade Wall x4 |
| 12:12 | _TieuQuy · wall_segment Palisade Wall x9 |
| 12:12 | Macluffy · wall_segment Palisade Wall x1 |
| 12:30 | _TieuQuy · wall_segment Palisade Wall x1 |
| 13:11 | _TieuQuy · wall_segment Palisade Wall x1 |
| 14:14 | _TieuQuy · first_building Archery Range |
| 17:21 | Macluffy · first_market_buy 100 food |
| 17:22 | Macluffy · first_market_sell 100 wood |
| 17:51 | _TieuQuy · wall_segment Palisade Wall x1 |
| 20:02 | _TieuQuy · age_up castle |
| 20:53 | Macluffy · age_up castle |
| 21:31 | _TieuQuy · wall_segment Palisade Wall x1 |
| 23:13 | _TieuQuy · first_building Siege Workshop |
| 26:49 | Macluffy · first_building Siege Workshop |
| 27:57 | Macluffy · first_building Monastery |
| 30:33 | _TieuQuy · first_market_buy 100 stone |
| 30:45 | _TieuQuy · first_building Castle |
| 31:56 | Macluffy · first_building Castle |
| 32:22 | Macluffy · wall_segment Stone Wall x8 |
| 32:24 | Macluffy · wall_segment Stone Wall x17 |
| 32:58 | _TieuQuy · wall_segment Stone Wall x1 |
| 33:00 | _TieuQuy · wall_segment Stone Wall x1 |
| 33:29 | _TieuQuy · wall_segment Stone Wall x10 |
| 33:31 | _TieuQuy · wall_segment Stone Wall x2 |
| 33:32 | _TieuQuy · wall_segment Stone Wall x8 |
| 34:05 | Macluffy · age_up imperial |
| 34:16 | _TieuQuy · resign |
[ AI ANALYSIS · 1 CREDIT ]
What really happened in this match?
Wolo.gg analyzes every decision: build order, eco, micro, common mistakes by bracket. Personalized analysis on WhatsApp or Discord in 30 seconds.
Civ guide
Portuguese
Perfil
Jugador #2593750